Map: Lightshade LE

Players

GogojOey - Winner!

  • Race: Zerg Zerg

Has

  • Race: Protoss Protoss

VOD

Have the link to the VOD?

Description

Time

  • Played on: Oct. 1, 2021, 7:07 a.m.
  • Length: 7:35
Show
View Real Time Build Order
Export as new Build Order

GogojOey Zerg - Winner!

Build Orders: Pool First 

Get SALT Encoding   

  12  0:17  Spawning Pool  
  11  0:22  Drone  
  11  0:27  Drone  
  13  0:31  Drone  
  14  0:40  Overlord  
  14  1:03  Zergling x4  
  18  1:05  Zergling x2  
  19  1:16  Zergling x2  
  20  1:20  Hatchery  
  17  1:27  Zergling x2  
  18  1:33  Queen  
  20  1:40  Drone  
  21  1:50  Overlord  
  21  2:00  Drone  
  21  2:11  Drone  
  22  2:19  Queen  
  22  2:21  Drone  
  25  2:33  Drone x2  
  27  2:41  Drone  
  27  2:46  Hatchery  
  27  2:47  Drone  
  27  2:51  Drone x2  
  29  2:57  Extractor  
  29  2:58  Drone x2  
  29  3:02  Drone  
  30  3:08  Drone x2  
  30  3:16  Zergling x4  
  32  3:21  Queen  
  34  3:27  Overlord  
  34  3:30  Drone  
  35  3:43  Drone  
  35  3:47  Drone x6  
  42  3:54  Overlord  
  42  3:55  Drone  
  42  3:56  Drone  
  42  3:58  Drone  
  42  4:02  Metabolic Boost  
  45  4:06  Drone  
  46  4:12  Zergling x4  
  46  4:13  Drone x2  
  46  4:15  Queen  
  52  4:24  Extractor  
  52  4:25  Overlord, Roach Warren  
  52  4:29  Zergling x4  
  52  4:30  Zergling x2  
  53  4:37  Drone x4  
  57  4:48  Overlord  
  57  4:57  Overlord  
  56  5:06  Overlord  
  56  5:07  Roach x4  
  56  5:08  Overlord  
  56  5:10  Lair  
  64  5:17  Zergling x6, Roach  
  64  5:18  Zergling x2  
  70  5:22  Extractor  
  70  5:23  Drone x2  
  70  5:24  Overlord  
  70  5:25  Zergling x2, Overlord  
  70  5:26  Zergling x2  
  73  5:28  Zergling x4  
  73  5:29  Zergling x2  
  76  5:37  Zergling x10  
  81  5:46  Ravager x3  
  81  5:49  Zergling x8  
  88  5:54  Zergling x6  
  91  5:59  Ravager  
  91  6:00  Zergling x12  
  94  6:14  Zergling x8  
  94  6:19  Zergling x8  
  94  6:21  Overseer  
  94  6:24  Zergling x8, Roach  
  102  6:28  Roach  
  100  6:35  Zergling x6, Roach  
  99  6:40  Queen  
  99  6:42  Roach  
  99  6:45  Zergling x2  
  96  6:50  Hydralisk Den  
  90  6:55  Zergling x4  
  90  6:56  Zergling x10  
  93  7:03  Zergling x6  
  95  7:14  Zergling x4, Roach  
Show
View Real Time Build Order
Export as new Build Order

Has Protoss 

Build Orders: 1 Gate Expand 

Get SALT Encoding   

  12  0:00  Probe  
  13  0:12  Probe  
  14  0:20  Pylon  
  14  0:24  Probe  
  14  0:27  Assimilator  
  15  0:38  Probe (Chrono Boost)  
  16  0:42  Gateway  
  16  0:47  Probe (Chrono Boost)  
  17  0:52  Probe (Chrono Boost)  
  18  1:04  Probe  
  19  1:19  Nexus  
  19  1:22  Probe  
  20  1:32  Cybernetics Core  
  20  1:35  Probe  
  21  1:42  Assimilator  
  23  2:07  Pylon  
  23  2:09  Zealot (Chrono Boost)  
  21  2:35  Probe (Chrono Boost)  
  18  2:38  Probe (Chrono Boost)  
  16  2:47  Probe (Chrono Boost)  
  18  2:52  Probe (Chrono Boost)  
  18  2:53  Probe (Chrono Boost)  
  19  3:03  Adept  
  20  3:08  Probe (Chrono Boost)  
  20  3:12  Warp Gate  
  21  3:15  Probe (Chrono Boost)  
  23  3:25  Probe (Chrono Boost)  
  23  3:26  Probe (Chrono Boost)  
  24  3:31  Probe (Chrono Boost)  
  24  3:33  Probe (Chrono Boost)  
  26  3:35  Adept  
  28  3:41  Probe (Chrono Boost)  
  30  3:49  Probe (Chrono Boost)  
  30  3:52  Gateway  
  30  3:55  Probe (Chrono Boost)  
  31  3:58  Probe (Chrono Boost)  
  31  3:59  Probe (Chrono Boost)  
  33  4:03  Pylon  
  33  4:07  Stalker  
  35  4:13  Probe (Chrono Boost)  
  35  4:15  Probe (Chrono Boost)  
  37  4:22  Twilight Council  
  39  4:25  Probe (Chrono Boost)  
  39  4:26  Probe (Chrono Boost)  
  39  4:30  Probe (Chrono Boost)  
  39  4:37  Probe (Chrono Boost)  
  41  4:42  Probe (Chrono Boost)  
  42  4:48  Pylon  
  42  4:50  Probe (Chrono Boost)  
  42  4:51  Probe (Chrono Boost)  
  42  4:52  Assimilator  
  44  4:56  Probe  
  44  4:59  Probe  
  46  5:04  Stargate  
  46  5:08  Probe  
  46  5:11  Probe  
  46  5:12  Assimilator  
  46  5:13  Pylon  
  48  5:20  Probe (Chrono Boost)  
  49  5:24  Stargate  
  49  5:27  Probe (Chrono Boost)  
  50  5:32  Probe (Chrono Boost)  
  52  5:38  Probe x2 (Chrono Boost)  
  52  5:41  Adept x2  
  52  5:42  Pylon  
  57  5:44  Pylon, Shield Battery  
  57  5:47  Probe  
  62  5:52  Probe  
  62  5:56  Void Ray (Chrono Boost)  
  63  6:05  Sentry x2  
  63  6:06  Shield Battery  
  65  6:13  Void Ray  
  65  6:17  Pylon  
  65  6:18  Pylon  
  68  6:36  Probe x2  
  60  6:44  Void Ray (Chrono Boost)  
  58  6:48  Probe x2  
  51  7:00  Probe  
  54  7:02  Probe  
  51  7:13  Probe  
  51  7:14  Probe  
Tags
 
Add a new tag
Caveats
  • Supply blocks, unpowered buildings, or Contaminate may cause inaccurate times.
  • Supply counts are checked every 10 seconds.